 Dungeon Crawl Stone Soup version bcrawl-1.28.1b (webtiles) character file.

Game seed: 3875496262716296798

479202 Morbidden the Slinger (level 15, -2/132 HPs)
             Began as a Hill Orc Archaeologist on Jan 1, 2021.
             Was a High Priest of Cheibriados.
             Slain by a dire elephant (25 damage)
             ... on level 12 of the Dungeon.
             The game lasted 00:38:11 (20017 turns).

Morbidden the Slinger (Hill Orc Archaeologist)     Turns: 20017, Time: 00:38:11

Health: -2/132     AC: 18    Str: 39    XL:     15   Next: 8%
Magic:  23/23      EV: 14    Int: 34    God:    Cheibriados [*****.]
Gold:   1797       SH:  0    Dex: 23    Spells: 25/25 levels left

rFire    + . .     SeeInvis .   b - +10 hunting sling of Xeib {flame, *Slow rC+++ Int+3}
rCold    + + +     Gourm    .   (no shield)
rNeg     . . .     Faith    .   r - +3 chain mail {rF+}
rPois    .         Spirit   .   (no helmet)
rElec    .         Reflect  .   n - +0 cloak
rCorr    .         Harm     .   (no gloves)
MR       +....                  d - +1 pair of boots
Stlth    ..........             (no amulet)
HPRegen  0.32/turn              l - +3 ring of slaying
MPRegen  0.18/turn              U - +7 ring of strength

@: about to teleport, very slow
A: no striking features
a: Bend Time, Temporal Distortion, Slouch, Step From Time, Renounce Religion


You were on level 12 of the Dungeon.
You worshipped Cheibriados.
Cheibriados was extremely pleased with you.
You were not hungry.

You visited 3 branches of the dungeon, and saw 19 of its levels.

You collected 1797 gold pieces.

Inventory:

Hand Weapons
 a - a +3 war axe of freezing
 b - the +10 hunting sling of Xeib (weapon) {flame, *Slow rC+++ Int+3}
   (You found it on level 5 of the Lair of Beasts)

   It causes projectiles fired from it to surge with flame as they hit,
   increasing damage dealt by approximately one third against foes not resistant
   or susceptible to fire.
   It affects your intelligence (+3).
   It renders you almost immune to cold.
   It may slow you when you take damage.
 t - a +6 arbalest of flaming
Missiles
 i - 2766 stones (quivered)
 k - 774 sling bullets
 p - 944 arrows
 L - 713 bolts
 N - 2 throwing nets {=f}
 T - 138 poisoned tomahawks
Armour
 c - a +2 hat
 d - a +1 pair of boots (worn)
 m - a +3 scale mail of cold resistance
 n - a +0 cloak (worn)
 r - a +3 chain mail of fire resistance (worn)
 X - +0 steam dragon scales
Jewellery
 l - a +3 ring of slaying (left hand)
 y - an uncursed ring of poison resistance
 A - an uncursed ring of stealth
 M - an uncursed ring of protection from fire
 P - an uncursed ring of wizardry
 U - a +7 ring of strength (right hand)
Wands
 f - a wand of iceblast (16)
 h - a wand of polymorph (10)
 D - a wand of acid (5)
 R - a wand of enslavement (6)
 S - a wand of paralysis (11)
Scrolls
 g - 2 scrolls of magic mapping
 s - 6 scrolls of enchant armour
 w - 8 scrolls of remove curse
 x - 4 scrolls of identify
 z - 2 scrolls of teleportation
 B - 3 scrolls of amnesia
 E - a scroll of fear
 J - 2 scrolls of fog
 Q - 2 scrolls of enchant weapon
 Z - a scroll of immolation
Potions
 o - 3 potions of heal wounds
 q - 2 potions of lignification {unknown}
 u - 2 potions of curing
 v - 8 potions of mutation
 C - a potion of agility {unknown}
 F - a potion of might {unknown}
 G - a potion of flight {unknown}
 H - a potion of haste {unknown}
 I - 3 potions of resistance
 K - 5 potions of brilliance
 V - a potion of cancellation {unknown}
 W - a potion of ambrosia {unknown}
 Y - a potion of magic
Comestibles
 e - 32 rations {!d}
 j - 6 chunks of flesh


   Skills:
 * Level 11.7 Fighting
   Level 11.7 Short Blades
   Level 11.7 Long Blades
   Level 11.7 Axes
   Level 11.7 Maces & Flails
   Level 11.7 Polearms
   Level 11.7 Staves
 + Level 12.0 Slings
 * Level 9.7 Crossbows
 + Level 1.1(8.5) Throwing
 + Level 10.0 Armour
 + Level 5.0 Dodging
 - Level 3.1 Stealth
   Level 11.7 Unarmed Combat
 * Level 5.8 Spellcasting
 * Level 11.5 Invocations
 + Level 1.6 Evocations


You had 25 spell levels left.
You didn't know any spells.
Your spell library contained the following spells:

 Spells                   Type           Power        Failure   Level  Hunger
 Magic Dart               Conj           #...         12%         1    None
 Blink                    Tloc           N/A          19%         2    None
 Call Imp                 Summ           #.....       19%         2    None
 Searing Ray              Conj           #.......     19%         2    None
 Conjure Flame            Conj/Fire      #.......     34%         3    ##.....
 Iskenderun's Mystic Bla  Conj           #.......     34%         3    ##.....
 Mephitic Cloud           Conj/Pois/Air  #.......     34%         3    ##.....
 Recall                   Summ/Tloc      N/A          34%         3    ##.....
 Spider Form              Tmut/Pois      #..          34%         3    ##.....
 Animate Dead             Necr           N/A          75%         4    ####...
 Fulminant Prism          Conj/Hex       #.........   75%         4    ####...
 Irradiate                Conj/Tmut      #.........   97%         5    ######.
 Borgnjor's Vile Clutch   Necr/Erth      #.........   100%        6    #######
 Death Channel            Chrm/Necr      #.........   100%        6    #######
 Simulacrum               Ice/Necr       #.........   100%        6    #######


Dungeon Overview and Level Annotations

Branches:
Dungeon (12/12)            Temple (1/1) D:6            Lair (6/6) D:9
 Shoals (0/3) Lair:4       Spider (0/3) Lair:2        Slime (0/5) Lair:6
    Orc (0/1) D:10         Vaults (0/3) D:12
 Depths: D:12

Altars:
Ashenzari
Cheibriados
Dithmenos
Elyvilon
Fedhas
Gozag
Hepliaklqana
Kikubaaqudgha
Lugonu
Nemelex Xobeh
Qazlal
Ru
Trog
Uskayaw
Vehumet
Wu Jian
Xom
Yredelemnul
Zin
The Shining One
Beogh
Jiyva

Shops:
D:10 (   D:12 %(

Annotations:
D:7 3 runed translucent doors, Faustar's ghost, novice GrFi
D:10 Sonja
D:12 Nessos
Lair:6 2 runed doors


Message History

The dire elephant is severely wounded.
The bolt of acid hits the human!
The human is splashed with acid.
The human is severely wounded.
The dire elephant tramples you!!
* * * LOW HITPOINT WARNING * * *
You hold your ground!
The dire elephant trunk-slaps you.
* * * LOW HITPOINT WARNING * * *
No path to travel!
No path to travel!
No path to travel!
As you read the scroll of teleportation, it crumbles to dust.
You feel strangely unstable. The dire elephant tramples you.
* * * LOW HITPOINT WARNING * * *
You hold your ground!
The dire elephant trunk-slaps you but does no damage.
No path to travel!
No path to travel!
No path to travel!
The dire elephant tramples you!!
You die...

.. . #.##..... .
.#...#####.#..∩... .
.. ..##..............
.# ..D #.#
######.#...... ..
p.Y.###.# #.##..... .#
.....#.#### #.##.....
#.p....# ##.#......
###Y##.####..#......
#@##..<.#.##......
#...###...###.....
###..####.####...#
##.[.[.÷.#######
###)÷.....####
##).##......##
#?)####.......
#####)######......
#####...#....###......


You could see a dire elephant and a human.

Vanquished Creatures
  Harold (Lair:5)
  5 hydras
  A centaur warrior (D:11)
  2 two-headed ogres
  8 death yaks
  3 skeletal warriors (D:12)
  An unseen horror (D:11)
  An orc knight (D:12)
  A lindwurm (Lair:6)
  2 ugly things
  15 elephants
  A centaur zombie (D:12)
  2 molten gargoyles (Lair:6)
  Maurice (D:9)
  7 black mambas
  A torpor snail (Lair:5)
  11 cane toads
  A rime drake (Lair:3)
  A freezing wraith (D:9)
  A yaktaur (D:12)
  9 komodo dragons
  3 trolls
  8 polar bears
  A tengu conjurer (D:12)
  A hornet (D:10)
  4 slime creatures (D:9)
  22 dream sheep
  11 hippogriffs
  A blink frog (shapeshifter) (D:12)
  15 blink frogs
  A spriggan (Lair:2)
  2 wraiths (D:11)
  31 yaks
  A human (shapeshifter) (D:11)
  6 basilisks
  4 wyverns
  2 hungry ghosts
  11 vampire mosquitoes
  2 humans (D:12)
  A steam dragon (Lair:6)
  4 soldier ants
  9 water moccasins
  Duvessa (D:4)
  9 crocodiles
  4 hell hounds (Lair:6)
  15 orc warriors
  2 ice beasts
  9 porcupines
  3 sky beasts
  6 black bears
  8 wolves
  9 ogres
  A phantom (D:6)
  An eye of draining (D:11)
  7 centaurs
  A big kobold (D:8)
  7 bullfrogs
  6 gnoll sergeants
  Dowan (D:4)
  5 scorpions
  4 wights (D:8)
  5 killer bees (D:9)
  4 crimson imps
  2 howler monkeys
  5 lava snakes (Lair:6)
  A quasit (D:10)
  4 jellies
  6 orc priests
  6 hounds
  2 orc wizards
  4 centaur skeletons
  4 iguanas
  Ijyb (D:3)
  4 hell rats (Lair:3)
  9 worker ants
  Terence (D:2)
  A hound zombie (D:7)
  3 hound skeletons
  24 gnolls
  10 adders
  A shadow imp (D:11)
  4 oozes
  An adder zombie (D:6)
  An adder skeleton (D:5)
  5 worms
  2 dart slugs (D:1)
  8 leopard geckos
  49 orcs
  3 giant cockroaches
  11 goblins
  10 hobgoblins
  5 jackals
  12 kobolds
  A quokka (D:5)
  5 bats
  2 frilled lizards
  6 rats
  3 fungi
  A plant (D:9)
540 creatures vanquished.

Vanquished Creatures (others)
  2 death yaks (Lair:6)
  2 polar bears (Lair:5)
  57 fungi
  14 plants
75 creatures vanquished.

Grand Total: 615 creatures vanquished

Notes
Turn   | Place    | Note
-------+----------+-------------------------------------------
     0 | D:1      | Morbidden the Hill Orc Archaeologist began the quest for
                  | the Orb.
     0 | D:1      | Reached XP level 1. HP: 16/16 MP: 1/1
   211 | D:1      | Reached XP level 2. HP: 23/23 MP: 2/2
   409 | D:1      | Reached XP level 3. HP: 28/29 MP: 3/3
   780 | D:2      | Reached XP level 4. HP: 36/36 MP: 4/4
   895 | D:2      | Found a faded altar of an unknown god.
  1481 | D:2      | Noticed Terence
  1664 | D:3      | Found an ornate altar of the Wu Jian Council.
  1664 | D:3      | Found a white marble altar of Elyvilon.
  1707 | D:3      | Reached skill level 1 in Slings
  1707 | D:3      | Reached XP level 5. HP: 30/42 MP: 5/5
  1707 | D:3      | Identified a scroll of acquirement
  1707 | D:3      | Identified the +10 rapier "Jeixuxko" {pierce, rElec rF-
                  | SInv} (You acquired it on level 3 of the Dungeon)
  2049 | D:3      | Noticed Ijyb
  2057 | D:3      | Killed Ijyb
  2058 | D:3      | Reached skill level 1 in Armour
  2136 | D:3      | Reached skill level 2 in Slings
  3043 | D:2      | Killed Terence
  3210 | D:4      | Reached XP level 6. HP: 50/50 MP: 6/6
  3231 | D:4      | Noticed Duvessa
  3231 | D:4      | Noticed Dowan
  3248 | D:4      | Killed Duvessa
  3249 | D:4      | Reached skill level 3 in Slings
  3252 | D:4      | Killed Dowan
  3911 | D:5      | Entered Level 5 of the Dungeon
  3931 | D:5      | Reached XP level 7. HP: 56/57 MP: 7/7
  4084 | D:5      | Reached skill level 4 in Slings
  4084 | D:5      | Reached skill level 1 in Crossbows
  4654 | D:6      | Reached XP level 8. HP: 58/66 MP: 8/8
  4801 | D:6      | Reached skill level 5 in Slings
  4956 | D:6      | Found a staircase to the Ecumenical Temple.
  5070 | Temple   | Entered the Ecumenical Temple
  5166 | Temple   | Became a worshipper of Cheibriados the Contemplative
  5256 | D:6      | Reached skill level 1 in Invocations
  5745 | D:7      | Reached skill level 6 in Slings
  5777 | D:7      | Noticed a troll
  5872 | D:7      | Noticed a hippogriff
  5882 | D:7      | Killed a hippogriff
  5883 | D:7      | Reached skill level 5 in Fighting
  5883 | D:7      | Reached XP level 9. HP: 66/74 MP: 10/10
  6122 | D:7      | Killed a troll
  6264 | D:7      | Found a runed translucent gate.
  6264 | D:7      | Identified the +0 chain mail "Saogec" {+Inv rF+ Int+4}
  6264 | D:7      | Noticed Faustar's ghost (novice GrFi)
  6265 | D:7      | Found a runed translucent gate.
  6266 | D:7      | Found a runed translucent gate.
  6273 | D:7      | Found a roughly hewn altar of Beogh.
  6390 | D:7      | Reached * piety under Cheibriados
  6891 | D:8      | Reached skill level 7 in Slings
  6931 | D:8      | Found a glowing silver altar of Zin.
  6979 | D:8      | Reached XP level 10. HP: 80/83 MP: 13/13
  7166 | D:8      | Reached skill level 5 in Invocations
  7214 | D:8      | Reached ** piety under Cheibriados
  7672 | D:9      | Reached skill level 5 in Armour
  7680 | D:9      | Reached skill level 8 in Slings
  7915 | D:9      | Reached skill level 5 in Crossbows
  8086 | D:9      | Noticed a five-headed hydra
  8185 | D:9      | Reached *** piety under Cheibriados
  8246 | D:9      | Reached XP level 11. HP: 83/92 MP: 15/15
  8267 | D:9      | Killed a five-headed hydra
  8457 | D:9      | Found a staircase to the Lair.
  8615 | D:9      | Noticed Maurice
  8628 | D:9      | Noticed a two-headed ogre
  8996 | D:9      | Killed Maurice
  9094 | D:9      | Killed a two-headed ogre
  9157 | D:10     | Entered Level 10 of the Dungeon
  9157 | D:10     | Noticed a white ugly thing
  9183 | D:9      | Reached **** piety under Cheibriados
  9311 | D:10     | Found Saqan's Antique Weapon Shoppe.
  9379 | D:10     | Reached skill level 9 in Slings
  9449 | D:10     | Killed a white ugly thing
  9632 | D:10     | Noticed Sonja
  9743 | D:10     | Found a roughly hewn altar of Beogh.
  9863 | D:10     | Found a staircase to the Orcish Mines.
  9921 | D:10     | Reached ***** piety under Cheibriados
 10107 | D:10     | Reached XP level 12. HP: 103/103 MP: 18/18
 10340 | Lair:1   | Entered Level 1 of the Lair of Beasts
 10562 | Lair:1   | Got a polished ring mail
 10984 | Lair:1   | Noticed a five-headed hydra
 10997 | Lair:1   | Killed a five-headed hydra
 11412 | Lair:2   | Noticed a six-headed hydra
 11421 | Lair:2   | Killed a six-headed hydra
 11422 | Lair:2   | Reached skill level 1 in Spellcasting
 11691 | Lair:2   | Found a hole to the Spider Nest.
 11728 | Lair:2   | Got a faintly glowing steel amulet
 11786 | Lair:2   | Reached skill level 10 in Slings
 11795 | Lair:2   | Identified the cursed amulet of Icuwuth {Inacc *Contam
                  | Int+4 Dex+3} (You found it on level 2 of the Lair of
                  | Beasts)
 12602 | Lair:3   | Reached skill level 1 in Throwing
 12826 | Lair:3   | Reached XP level 13. HP: 22/111 MP: 14/20
 14042 | Lair:4   | Found a staircase to the Shoals.
 14315 | Lair:4   | Reached skill level 10 in Fighting
 15056 | Lair:5   | Reached skill level 10 in Invocations
 15325 | Lair:5   | Noticed Harold
 15452 | Lair:5   | Reached skill level 1 in Evocations
 15771 | Lair:5   | Reached skill level 5 in Dodging
 15855 | Lair:5   | Got a bone hunting sling
 15905 | Lair:5   | Identified the +10 hunting sling of Xeib {flame, *Slow
                  | rC+++ Int+3} (You found it on level 5 of the Lair of
                  | Beasts)
 15921 | Lair:5   | Reached skill level 11 in Slings
 16069 | Lair:5   | Reached XP level 14. HP: 96/122 MP: 21/21
 16201 | Lair:5   | Killed Harold
 16468 | Lair:6   | Entered Level 6 of the Lair of Beasts
 17285 | Lair:6   | Reached skill level 5 in Spellcasting
 17409 | Lair:6   | Found a viscous altar of Jiyva.
 17409 | Lair:6   | Found a staircase to the Slime Pits.
 17414 | Lair:6   | Found a viscous altar of Jiyva.
 17418 | Lair:6   | Found a glowing golden altar of the Shining One.
 18066 | Lair:6   | Found a large runed door.
 18067 | Lair:6   | Found a large runed door.
 18613 | D:11     | Found a roughly hewn altar of Beogh.
 18691 | D:11     | Found a glowing golden altar of the Shining One.
 19114 | D:11     | Got a heavily runed plate armour
 19143 | D:11     | Identified the cursed +0 plate armour of Bespelled Awe
                  | {rElec rN+} (You found it on level 11 of the Dungeon)
 19362 | D:11     | Identified the +7 ring mail of Buxto {rCorr Str+2 Dex-5}
                  | (You found it on level 1 of the Lair of Beasts)
 19389 | D:12     | Entered Level 12 of the Dungeon
 19389 | D:12     | Found a gate to the Vaults.
 19389 | D:12     | Noticed Nessos
 19447 | D:12     | Found Yriraq's Weapon Shop.
 19725 | D:12     | Found Iphattaf's Food Emporium.
 19763 | D:12     | Reached ****** piety under Cheibriados
 19764 | D:12     | Reached XP level 15. HP: 64/130 MP: 23/23
 19934 | D:12     | Reached skill level 12 in Slings
 19934 | D:12     | Reached skill level 10 in Armour
 20017 | D:12     | Slain by a dire elephant

Skill      XL: |  1  2  3  4  5  6  7  8  9 10 11 12 13 14 15 |
---------------+----------------------------------------------+-----
Stealth        | 3 |  3.1
Dodging        | 3 4 5 |  5.0
Fighting       | 2 3 5 6 7 8 9 10 11 | 11.7
Slings         | 1 2 3 4 6 7 8 9 10 11 12 | 12.0
Armour         | 1 2 3 4 5 7 8 9 10 | 10.0
Crossbows      | 1 3 4 5 6 8 9 |  9.7
Invocations    | 2 4 6 8 9 10 11 | 11.5
Spellcasting   | 2 4 5 |  5.8
Throwing       | 1 |  1.1
Evocations     | 1 |  1.6
Short Blades   | | 11.7
Long Blades    | | 11.7
Axes           | | 11.7
Maces & Flails | | 11.7
Polearms       | | 11.7
Staves         | | 11.7
Unarmed Combat | | 11.7

Action                   |  1- 3 |  4- 6 |  7- 9 | 10-12 | 13-15 || total
-------------------------+-------+-------+-------+-------+-------++-------
Melee: Whip              |    94 |    59 |    86 |       |       ||   239
       Unarmed           |       |     5 |       |       |       ||     5
       Punch             |       |     1 |       |     6 |     8 ||    15
       War axe           |       |       |       |   193 |    78 ||   271
 Fire: Hunting sling     |       |   130 |   348 |   525 |   722 ||  1725
       Arbalest          |       |       |       |    20 |    20 ||    40
Throw: Throwing net      |       |       |     1 |       |       ||     1
       Stone             |       |       |       |    10 |     2 ||    12
Invok: Slouch            |       |       |       |     4 |     8 ||    12
Evoke: Wand              |       |       |       |    11 |    11 ||    22
  Use: Scroll            |     2 |     7 |     2 |    18 |    13 ||    42
       Potion            |       |       |       |     4 |       ||     4
 Stab: Sleeping          |     2 |     1 |       |       |       ||     3
       Distracted        |       |       |       |       |     1 ||     1
  Eat: Ration            |     1 |       |     3 |     1 |     1 ||     6
       Chunk             |     3 |    15 |    20 |    22 |    23 ||    83
Armor: Robe              |    21 |       |       |       |       ||    21
       Ring mail         |    12 |    32 |       |       |       ||    44
       Scale mail        |       |     2 |       |       |       ||     2
       Skin              |       |     2 |       |       |       ||     2
       Chain mail        |       |    19 |   148 |   360 |   182 ||   709
Dodge: Dodged            |    53 |    58 |    71 |   323 |   170 ||   675
